Anaheim Ducks vs Colorado Rockies
(R2)
Created - Saturday, October 19, 2024 at 07:37
Goals
|
| Anaheim Ducks |
1 |
2 |
2 |
5 |
| Colorado Rockies |
2 |
1 |
0 |
3 |
|
Shots
|
| Anaheim Ducks |
5 |
11 |
9 |
25 |
| Colorado Rockies |
19 |
10 |
9 |
38 |
|
1st period
1. Anaheim Ducks , Nazem Kadri 22 (Esa Lindell 14, Linus Ullmark) at 7:26
2. Colorado Rockies , Tim Stutzle 13 (David Pastrnak 26) at 7:38
3. Colorado Rockies , David Pastrnak 22 (Martin Fehervary 11, Nikita Zadorov 9) at 12:14 (PP)
Penalties :
Mark Scheifele (ANA) for Tripping (Minor) at 3:58, Brenden Dillon (ANA) for Roughing (Minor) at 11:05, J.T. Compher (ANA) for Tripping (Minor) at 16:51
2nd period
4. Colorado Rockies , Tim Stutzle 14 (Kyle Connor 13, David Pastrnak 27) at 4:49 (PP)
5. Anaheim Ducks , William Nylander 15 (Nazem Kadri 27) at 8:08
6. Anaheim Ducks , William Nylander 16 (Nazem Kadri 28, Mark Scheifele 31) at 9:57 (PP)
Penalties :
Mason Marchment (ANA) for High sticking (Minor) at 0:11, Brayden Schenn (ANA) for Interference (Minor) at 3:35, Josh Manson (ANA) for Slashing (Minor) at 5:52, J.T. Compher (ANA) for Slashing (Minor) at 6:16, Victor Hedman (COL) for Holding (Minor) at 8:07, Nazem Kadri (ANA) for Cross-checking (Minor) at 10:21, Max Domi (ANA) for Hooking (Minor) at 14:30
3rd period
7. Anaheim Ducks , William Nylander 17 (John Tavares 17, Brenden Dillon 5) at 13:34
8. Anaheim Ducks , Alex Killorn 12 (Esa Lindell 15) at 19:32 (Empty Net)
Penalties :
Mason Marchment (ANA) for Tripping (Minor) at 3:22, William Nylander (ANA) for Slashing (Minor) at 15:52, Martin Fehervary (COL) for Fighting (Major) at 19:33, Brenden Dillon (ANA) for Fighting (Major) at 19:33
Goalie Stats
Linus Ullmark (ANA), 35 saves from 38 shots - (0.921), W, 21-10-7, 60:00 minutes
Joey Daccord (COL), 20 saves from 24 shots - (0.833), L, 11-17-4, 58:58 minutes
Players Stats for Anaheim Ducks
Player Name G A P +/- PIM S H SB GA TA FO MP PP MP PK MP
------------------------------------------------------------------------------------
Alex Killorn 1 0 1 2 0 4 0 1 0 2 1/1 18:43 0:51 6:44
Alexey Toropchenko 0 0 0 1 0 0 1 0 0 0 0/0 6:51 0:00 0:00
Brayden Schenn 0 0 0 0 2 1 2 1 1 0 3/4 20:03 0:00 8:37
Brenden Dillon 0 1 1 2 7 1 2 0 0 0 0/0 19:07 0:00 7:38
Calle Jarnkrok 0 0 0 1 0 0 1 1 0 0 0/0 7:02 0:00 0:00
Chandler Stephenson 0 0 0 0 0 2 1 0 0 0 0/3 18:38 0:00 7:31
Esa Lindell 0 2 2 1 0 0 0 3 0 0 0/0 25:25 0:18 9:49
Ivan Provorov 0 0 0 0 0 3 2 2 0 0 0/0 23:30 0:59 9:59
J.T. Compher 0 0 0 0 4 1 3 4 0 0 7/21 20:08 0:41 8:14
John Tavares 0 1 1 1 0 0 0 0 0 0 5/10 12:11 0:51 0:51
Josh Manson 0 0 0 2 2 1 1 1 0 0 0/0 12:29 0:00 0:58
Joshua Morrissey 0 0 0 0 0 0 1 2 0 0 0/0 16:38 1:24 0:15
Mark Scheifele 0 1 1 0 2 2 3 0 0 1 2/8 11:19 0:10 0:00
Mason Marchment 0 0 0 0 4 0 2 0 0 0 0/1 12:08 0:51 0:00
Max Domi 0 0 0 1 2 1 2 0 0 0 0/3 8:58 0:00 2:10
Morgan Rielly 0 0 0 1 0 0 1 1 1 0 0/0 21:56 0:43 8:32
Nazem Kadri 1 2 3 0 2 5 0 0 0 0 9/18 12:41 0:51 1:10
William Nylander 3 0 3 2 2 4 1 1 0 0 0/2 11:47 0:51 0:00
Players Stats for Colorado Rockies
Player Name G A P +/- PIM S H SB GA TA FO MP PP MP PK MP
------------------------------------------------------------------------------------
Andrew Peeke 0 0 0 1 0 0 1 1 0 0 0/0 13:44 0:43 1:00
David Pastrnak 1 2 3 -1 0 5 2 1 1 1 1/1 21:00 8:55 0:42
Evgeny Kuznetsov 0 0 0 0 0 1 0 0 0 0 0/0 8:13 0:15 0:00
Jesper Bratt 0 0 0 -1 0 2 1 1 0 0 1/1 19:40 8:27 1:00
Kevin Hayes 0 0 0 0 0 2 2 0 0 0 1/3 8:28 1:02 0:00
Kyle Connor 0 1 1 0 0 7 0 0 1 0 2/2 20:20 8:55 0:00
Kyle Palmieri 0 0 0 -1 0 2 0 1 0 0 0/0 11:05 0:25 0:00
Martin Fehervary 0 1 1 -1 5 3 1 0 0 0 0/1 23:25 8:45 0:42
Michael Bunting 0 0 0 -1 0 1 0 0 0 0 0/0 10:47 0:00 0:00
Nick Bonino 0 0 0 0 0 1 1 0 0 0 0/0 8:36 0:51 0:00
Nick Schmaltz 0 0 0 -1 0 2 0 1 0 0 3/8 11:28 0:51 0:00
Nikita Kucherov 0 0 0 -2 0 3 2 0 0 0 0/4 19:17 8:27 0:42
Nikita Zadorov 0 1 1 -1 0 0 1 0 0 0 0/0 23:54 8:45 0:42
Quinn Hughes 0 0 0 -3 0 1 0 2 1 0 0/0 23:17 9:06 1:00
Ryan O'Reilly 0 0 0 -1 0 0 3 1 0 0 20/26 19:36 8:27 1:00
Tim Stutzle 2 0 2 0 0 5 2 0 0 0 16/25 20:17 8:55 0:00
Victor Hedman 0 0 0 -2 2 1 2 1 0 0 0/0 22:25 9:05 0:00
Vince Dunn 0 0 0 0 0 2 0 0 0 1 0/0 12:36 0:40 0:00
3 Stars
1 - William Nylander (ANA)
2 - Tim Stutzle (COL)
3 - David Pastrnak (COL)
Power Play
Anaheim Ducks - 1 on 1 Attempt(s) - 100.00%
Colorado Rockies - 2 on 11 Attempt(s) - 18.18%
Penalty Kill
Anaheim Ducks - 9 on 11 Attempt(s) - 81.82%
- Score 0 goal in Penalty Kill
Colorado Rockies - 0 on 1 Attempt(s) - 0.00%
- Score 0 goal in Penalty Kill
Team Stat
Anaheim Ducks - Hits : 23 - Faceoff Wins : 27 - Blocked Shots : 17 - Penalty Minutes : 27
Colorado Rockies - Hits : 18 - Faceoff Wins : 44 - Blocked Shots : 9 - Penalty Minutes : 7
Official
Referees : Garrett Rank and Francis Charron
Linesman : Matt MacPherson and Brad Kovachik
Game Notes
William Nylander has scored a Hat Trick!
Alex Killorn has scored in a empty net!
Brenden Dillon beats up Martin Fehervary at 19:33 of 3rd period
Finance
Level 1 -- Attendance: 5580 (93.00%) -- Ticket Income $502,200
Level 2 -- Attendance: 4767 (95.34%) -- Ticket Income $262,185
Level 3 -- Attendance: 2187 (72.90%) -- Ticket Income $76,545
Level 4 -- Attendance: 3584 (71.68%) -- Ticket Income $89,600
Luxury Box -- Attendance: 907 (90.70%) -- Ticket Income $158,725
Game was played at the Pepsi Center.
Total Attendance: 17025 (85.13%)
Total Ticket Income: $1,089,255
Other Income: $381,239
Total Income: $1,470,494
Anaheim Ducks
5 vs 5 Forward
Center Left Wing Right Wing Time % Phy DF OF
1 John Tavares Alex Killorn William Nylander 33 1 2 2
2 Mark Scheifele Brayden Schenn Mason Marchment 33 1 2 2
3 Nazem Kadri Chandler Stephenson J.T. Compher 33 1 1 3
4 Max Domi Calle Jarnkrok Alexey Toropchenko 1 1 2 2
5 vs 5 Defense
Defense Defense Time % Phy DF OF
1 Esa Lindell Joshua Morrissey 35 1 2 2
2 Morgan Rielly Ivan Provorov 35 1 2 2
3 Brenden Dillon Josh Manson 30 1 2 2
4 Esa Lindell Joshua Morrissey 0 1 2 2
PowerPlay Forward
Center Left Wing Right Wing Time % Phy DF OF
1 Nazem Kadri Mark Scheifele William Nylander 60 1 1 3
2 John Tavares Alex Killorn Mason Marchment 40 1 1 3
PowerPlay Defense
Defense Defense Time % Phy DF OF
1 Morgan Rielly Joshua Morrissey 60 1 1 3
2 Esa Lindell Ivan Provorov 40 1 1 3
Penalty Kill 4 Players Forward
Center Wing Time % Phy DF OF
1 J.T. Compher Brayden Schenn 55 1 3 1
2 Chandler Stephenson Alex Killorn 45 1 3 1
Penalty Kill 4 Players Defense
Defense Defense Time % Phy DF OF
1 Esa Lindell Ivan Provorov 50 1 3 1
2 Morgan Rielly Brenden Dillon 50 1 3 1
Penalty Kill - 3 Players Forward
Forward Time % Phy DF OF
1 J.T. Compher 50 1 4 0
2 Chandler Stephenson 50 1 4 0
Penalty Kill - 3 Players Defense
Defense Defense Time % Phy DF OF
1 Esa Lindell Ivan Provorov 50 1 4 0
2 Morgan Rielly Brenden Dillon 50 1 4 0
4 vs 4 Forward
Center Wing Time % Phy DF OF
1 Nazem Kadri William Nylander 60 1 2 2
2 John Tavares Mark Scheifele 40 1 2 2
4 vs 4 Defense
Defense Defense Time % Phy DF OF
1 Esa Lindell Morgan Rielly 50 1 2 2
2 Ivan Provorov Joshua Morrissey 50 1 2 2
Last Minutes Offensive
Center Left Wing Right Wing Defense Defense
Nazem Kadri William Nylander Mark Scheifele Joshua Morrissey Morgan Rielly
Last Minutes Defensive
Center Left Wing Right Wing Defense Defense
Chandler Stephenson Alex Killorn J.T. Compher Ivan Provorov Esa Lindell
Goaltenders
Starting : Linus Ullmark
Backup : James Reimer
Extra Forwards
Normal : William Nylander, Mark Scheifele, Nazem Kadri - PP : William Nylander, Nazem Kadri - PK : J.T. Compher
Extra Defensemen
Normal : Esa Lindell, Brenden Dillon, Ivan Provorov - PP : Joshua Morrissey - PK : Esa Lindell, Ivan Provorov
Penalty Shots
Brenden Dillon, Mark Scheifele, Calle Jarnkrok, John Tavares, Alex Killorn
Scratches
Jakob Chychrun (Healthy), Alexandre Texier (Healthy)
Colorado Rockies
5 vs 5 Forward
Center Left Wing Right Wing Time % Phy DF OF
1 Ryan O'Reilly Jesper Bratt Nikita Kucherov 30 1 2 2
2 Tim Stutzle Kyle Connor David Pastrnak 30 1 2 2
3 Nick Schmaltz Kyle Palmieri Michael Bunting 25 1 2 2
4 Kevin Hayes Nick Bonino Evgeny Kuznetsov 15 1 2 2
5 vs 5 Defense
Defense Defense Time % Phy DF OF
1 Victor Hedman Quinn Hughes 35 1 2 2
2 Nikita Zadorov Martin Fehervary 35 1 2 2
3 Vince Dunn Andrew Peeke 30 1 2 2
4 Victor Hedman Quinn Hughes 0 1 2 2
PowerPlay Forward
Center Left Wing Right Wing Time % Phy DF OF
1 Ryan O'Reilly Jesper Bratt Nikita Kucherov 50 1 2 2
2 Tim Stutzle Kyle Connor David Pastrnak 50 1 2 2
PowerPlay Defense
Defense Defense Time % Phy DF OF
1 Victor Hedman Quinn Hughes 50 1 2 2
2 Nikita Zadorov Martin Fehervary 50 1 2 2
Penalty Kill 4 Players Forward
Center Wing Time % Phy DF OF
1 Nikita Kucherov David Pastrnak 50 1 2 2
2 Ryan O'Reilly Jesper Bratt 50 1 2 2
Penalty Kill 4 Players Defense
Defense Defense Time % Phy DF OF
1 Victor Hedman Quinn Hughes 50 1 2 2
2 Nikita Zadorov Martin Fehervary 50 1 2 2
Penalty Kill - 3 Players Forward
Forward Time % Phy DF OF
1 Nikita Kucherov 50 1 2 2
2 David Pastrnak 50 1 2 2
Penalty Kill - 3 Players Defense
Defense Defense Time % Phy DF OF
1 Victor Hedman Quinn Hughes 50 1 2 2
2 Nikita Zadorov Martin Fehervary 50 1 2 2
4 vs 4 Forward
Center Wing Time % Phy DF OF
1 Nikita Kucherov David Pastrnak 50 1 2 2
2 Ryan O'Reilly Jesper Bratt 50 1 2 2
4 vs 4 Defense
Defense Defense Time % Phy DF OF
1 Victor Hedman Quinn Hughes 50 1 2 2
2 Nikita Zadorov Martin Fehervary 50 1 2 2
Last Minutes Offensive
Center Left Wing Right Wing Defense Defense
Ryan O'Reilly Jesper Bratt Nikita Kucherov Victor Hedman Quinn Hughes
Last Minutes Defensive
Center Left Wing Right Wing Defense Defense
Ryan O'Reilly Jesper Bratt Nikita Kucherov Victor Hedman Quinn Hughes
Goaltenders
Starting : Joey Daccord
Backup : Daniil Tarasov
Extra Forwards
Normal : Nick Bonino, Kevin Hayes, Kyle Palmieri - PP : Nick Bonino, Kevin Hayes - PK : Kyle Palmieri
Extra Defensemen
Normal : Vince Dunn, Andrew Peeke, Nikita Zadorov - PP : Vince Dunn - PK : Andrew Peeke, Nikita Zadorov
Penalty Shots
Nikita Kucherov, David Pastrnak, Ryan O'Reilly, Jesper Bratt, Tim Stutzle
Scratches
Timothy Liljegren (Healthy), Jakub Vrana (Healthy)
% Time on Ice - Anaheim Ducks
Lines # - Real PCT - Wanted PCT - Time Play
Normal Forward
1 - 27% - 33% - 10:32
2 - 29% - 33% - 11:21
3 - 26% - 33% - 10:09
4 - 18% - 1% - 6:51
Normal Defense
1 - 36% - 35% - 14:06
2 - 35% - 35% - 13:41
3 - 29% - 30% - 11:06
4 - 0% - 0% - 0:00
PP Forward
1 - 50% - 60% - 0:51
2 - 50% - 40% - 0:51
PP Defense
1 - 42% - 60% - 0:43
2 - 58% - 40% - 0:59
PK Forward
1 - 55% - 55% - 9:15
2 - 45% - 45% - 7:41
PK Defense
1 - 48% - 50% - 8:09
2 - 52% - 50% - 8:47
PK3 Forward
1 - 51% - 50% - 0:48
2 - 49% - 50% - 0:47
PK3 Defense
1 - 64% - 50% - 1:01
2 - 36% - 50% - 0:34
44 Forward
1 - 100% - 60% - 0:08
2 - 0% - 40% - 0:00
44 Defense
1 - 13% - 50% - 0:01
2 - 88% - 50% - 0:07
Last Minute Offensive - 0:00
Last Minute Defensive - 0:46
Total
Forward - 60:00
Defense - 60:00
|
% Time on Ice - Colorado Rockies
Lines # - Real PCT - Wanted PCT - Time Play
Normal Forward
1 - 25% - 30% - 9:41
2 - 29% - 30% - 11:22
3 - 27% - 25% - 10:40
4 - 19% - 15% - 7:26
Normal Defense
1 - 35% - 35% - 13:44
2 - 36% - 35% - 14:02
3 - 29% - 30% - 11:23
4 - 0% - 0% - 0:00
PP Forward
1 - 52% - 50% - 9:36
2 - 48% - 50% - 8:55
PP Defense
1 - 53% - 50% - 9:46
2 - 47% - 50% - 8:45
PK Forward
1 - 41% - 50% - 0:42
2 - 59% - 50% - 1:00
PK Defense
1 - 59% - 50% - 1:00
2 - 41% - 50% - 0:42
PK3 Forward
1 - 0% - 50%
2 - 0% - 50%
PK3 Defense
1 - 0% - 50%
2 - 0% - 50%
44 Forward
1 - 13% - 50% - 0:01
2 - 88% - 50% - 0:07
44 Defense
1 - 13% - 50% - 0:01
2 - 88% - 50% - 0:07
Last Minute Offensive - 0:30
Last Minute Defensive - 0:00
Total
Forward - 60:00
Defense - 60:00
|
Play-by-Play
1st period
0:01 of 1st period - Ryan O'Reilly wins face-off versus William Nylander in neutral zone.
0:36 of 1st period - Snap shot by Kyle Palmieri.
0:36 of 1st period - Shot Blocked by Joshua Morrissey.
0:52 of 1st period - Vince Dunn is hit by Brayden Schenn and loses puck.
1:17 of 1st period - Wrist shot by Nazem Kadri.
1:17 of 1st period - Stopped by Joey Daccord with a rebound.
1:19 of 1st period - Wrist shot by Nazem Kadri.
1:19 of 1st period - Stopped by Joey Daccord without a rebound.
1:20 of 1st period - Ryan O'Reilly wins face-off versus Mason Marchment in Colorado Rockies zone.
2:03 of 1st period - Josh Manson is hit by Victor Hedman and loses puck.
2:36 of 1st period - Icing by Quinn Hughes.
2:37 of 1st period - Mark Scheifele wins face-off versus Nick Schmaltz in Colorado Rockies zone.
3:02 of 1st period - Snap shot by Kyle Palmieri.
3:02 of 1st period - Stopped by Linus Ullmark with a rebound.
3:04 of 1st period - Wrist shot by Nick Schmaltz.
3:04 of 1st period - Shot Misses the Net.
3:06 of 1st period - Slapshot by Quinn Hughes.
3:06 of 1st period - Deflect By Ivan Provorov.
3:06 of 1st period - Stopped by Linus Ullmark with a rebound.
3:17 of 1st period - Icing by Kyle Palmieri.
3:18 of 1st period - Tim Stutzle wins face-off versus Max Domi in Colorado Rockies zone.
3:33 of 1st period - Snap shot by Tim Stutzle.
3:33 of 1st period - Shot Misses the Net.
3:35 of 1st period - Wrist shot by Victor Hedman.
3:35 of 1st period - Stopped by Linus Ullmark without a rebound.
3:36 of 1st period - Ryan O'Reilly wins face-off versus Mark Scheifele in Anaheim Ducks zone.
3:39 of 1st period - Snap shot by Nikita Kucherov.
3:39 of 1st period - Stopped by Linus Ullmark without a rebound.
3:40 of 1st period - Ryan O'Reilly wins face-off versus Mark Scheifele in Anaheim Ducks zone.
3:58 of 1st period - Minor Penalty to Mark Scheifele for Tripping.
3:59 of 1st period - Jesper Bratt wins face-off versus J.T. Compher in Anaheim Ducks zone.
4:47 of 1st period - Brenden Dillon is hit by Ryan O'Reilly and loses puck.
5:26 of 1st period - Esa Lindell is hit by Nikita Zadorov and loses puck.
5:58 of 1st period - Penalty to Mark Scheifele is over, Mark Scheifele is back on ice.
6:22 of 1st period - Nick Schmaltz is hit by Brenden Dillon and loses puck.
6:39 of 1st period - Brayden Schenn is hit by Andrew Peeke and loses puck.
6:44 of 1st period - Slapshot by Quinn Hughes.
6:44 of 1st period - Shot Misses the Net.
7:26 of 1st period - Wrist shot by Nazem Kadri.
7:26 of 1st period - Goal by Nazem Kadri - Anaheim Ducks : 1 - Colorado Rockies : 0.
7:27 of 1st period - Tim Stutzle wins face-off versus Nazem Kadri in neutral zone.
7:32 of 1st period - Wrist shot by Kyle Connor.
7:32 of 1st period - Stopped by Linus Ullmark with a rebound.
7:34 of 1st period - Snap shot by Kyle Connor.
7:34 of 1st period - Stopped by Linus Ullmark without a rebound.
7:35 of 1st period - Tim Stutzle wins face-off versus Nazem Kadri in Anaheim Ducks zone.
7:36 of 1st period - Backhand shot by David Pastrnak.
7:36 of 1st period - Shot Blocked by J.T. Compher.
7:38 of 1st period - Snap shot by Tim Stutzle.
7:38 of 1st period - Goal by Tim Stutzle - Anaheim Ducks : 1 - Colorado Rockies : 1.
7:39 of 1st period - J.T. Compher wins face-off versus Tim Stutzle in neutral zone.
8:28 of 1st period - Snap shot by Kevin Hayes.
8:28 of 1st period - Stopped by Linus Ullmark with a rebound.
8:36 of 1st period - Wrist shot by Mark Scheifele.
8:36 of 1st period - Stopped by Joey Daccord with a rebound.
8:46 of 1st period - Snap shot by Kyle Palmieri.
8:46 of 1st period - Stopped by Linus Ullmark with a rebound.
8:48 of 1st period - Backhand shot by Michael Bunting.
8:48 of 1st period - Stopped by Linus Ullmark without a rebound.
8:49 of 1st period - Nick Schmaltz wins face-off versus Max Domi in Anaheim Ducks zone.
9:17 of 1st period - Martin Fehervary is hit by Max Domi and loses puck.
9:26 of 1st period - Wrist shot by Nick Schmaltz.
9:26 of 1st period - Stopped by Linus Ullmark with a rebound.
9:28 of 1st period - Wrist shot by Nick Schmaltz.
9:28 of 1st period - Shot Misses the Net.
9:30 of 1st period - Slapshot by Nikita Zadorov.
9:30 of 1st period - Shot Misses the Net.
9:32 of 1st period - Snap shot by Martin Fehervary.
9:32 of 1st period - Stopped by Linus Ullmark with a rebound.
9:34 of 1st period - Backhand shot by Martin Fehervary.
9:34 of 1st period - Shot Blocked by Calle Jarnkrok.
9:36 of 1st period - Snap shot by Nick Schmaltz.
9:36 of 1st period - Stopped by Linus Ullmark without a rebound.
9:37 of 1st period - Kyle Connor wins face-off versus John Tavares in Anaheim Ducks zone.
9:38 of 1st period - Wrist shot by David Pastrnak.
9:38 of 1st period - Shot Blocked by William Nylander.
9:40 of 1st period - Slapshot by Kyle Connor.
9:40 of 1st period - Stopped by Linus Ullmark without a rebound.
9:41 of 1st period - Tim Stutzle wins face-off versus William Nylander in Anaheim Ducks zone.
10:16 of 1st period - Wrist shot by Jesper Bratt.
10:16 of 1st period - Shot Blocked by Josh Manson.
10:20 of 1st period - Snap shot by Ryan O'Reilly.
10:20 of 1st period - Shot Blocked by J.T. Compher.
10:22 of 1st period - Slapshot by Vince Dunn.
10:22 of 1st period - Stopped by Linus Ullmark without a rebound.
10:23 of 1st period - Mark Scheifele wins face-off versus Kevin Hayes in Anaheim Ducks zone.
10:32 of 1st period - Slapshot by Mark Scheifele.
10:32 of 1st period - Shot Misses the Net.
10:34 of 1st period - Slapshot by Ivan Provorov.
10:34 of 1st period - Shot Misses the Net.
10:54 of 1st period - Icing by Martin Fehervary.
10:55 of 1st period - Ryan O'Reilly wins face-off versus John Tavares in Colorado Rockies zone.
11:05 of 1st period - Minor Penalty to Brenden Dillon for Roughing.
11:06 of 1st period - Tim Stutzle wins face-off versus J.T. Compher in Anaheim Ducks zone.
11:08 of 1st period - Wrist shot by David Pastrnak.
11:08 of 1st period - Shot Blocked by Esa Lindell.
11:10 of 1st period - Slapshot by Martin Fehervary.
11:10 of 1st period - Deflect By Tim Stutzle.
11:10 of 1st period - Shot Misses the Net.
11:10 of 1st period - Puck is out of play.
11:11 of 1st period - Tim Stutzle wins face-off versus J.T. Compher in Anaheim Ducks zone.
11:12 of 1st period - Slapshot by David Pastrnak.
11:12 of 1st period - Deflect By Tim Stutzle.
11:12 of 1st period - Shot Misses the Net.
11:12 of 1st period - Puck is out of play.
11:13 of 1st period - J.T. Compher wins face-off versus Tim Stutzle in Anaheim Ducks zone.
11:13 of 1st period - J.T. Compher is hit by Tim Stutzle.
11:23 of 1st period - Wrist shot by Brayden Schenn.
11:23 of 1st period - Shot Misses the Net.
11:33 of 1st period - J.T. Compher is hit by Tim Stutzle and loses puck.
11:46 of 1st period - Snap shot by Tim Stutzle.
11:46 of 1st period - Stopped by Linus Ullmark with a rebound.
11:48 of 1st period - Slapshot by Martin Fehervary.
11:48 of 1st period - Shot Blocked by J.T. Compher.
12:10 of 1st period - Wrist shot by Tim Stutzle.
12:10 of 1st period - Shot Blocked by Alex Killorn.
12:12 of 1st period - Snap shot by Nikita Zadorov.
12:12 of 1st period - Shot Blocked by Joshua Morrissey.
12:14 of 1st period - Backhand shot by Martin Fehervary.
12:14 of 1st period - Deflect By David Pastrnak.
12:14 of 1st period - Goal by David Pastrnak - Anaheim Ducks : 1 - Colorado Rockies : 2.
12:15 of 1st period - Ryan O'Reilly wins face-off versus John Tavares in neutral zone.
13:40 of 1st period - Snap shot by Nikita Kucherov.
13:40 of 1st period - Stopped by Linus Ullmark with a rebound.
14:44 of 1st period - Snap shot by Kyle Palmieri.
14:44 of 1st period - Shot Misses the Net.
15:22 of 1st period - Victor Hedman is hit by Calle Jarnkrok and loses puck.
15:31 of 1st period - Brenden Dillon is hit by Victor Hedman and loses puck.
15:56 of 1st period - Off-side.
15:57 of 1st period - Tim Stutzle wins face-off versus Mark Scheifele in neutral zone.
16:00 of 1st period - Snap shot by David Pastrnak.
16:00 of 1st period - Deflect By Tim Stutzle.
16:00 of 1st period - Shot Blocked by Ivan Provorov.
16:00 of 1st period - Puck is out of play.
16:01 of 1st period - Kyle Connor wins face-off versus Mark Scheifele in Anaheim Ducks zone.
16:37 of 1st period - Slapshot by Evgeny Kuznetsov.
16:37 of 1st period - Stopped by Linus Ullmark without a rebound.
16:38 of 1st period - Tim Stutzle wins face-off versus Nazem Kadri in Anaheim Ducks zone.
16:49 of 1st period - Snap shot by David Pastrnak.
16:49 of 1st period - Shot Misses the Net.
16:51 of 1st period - Minor Penalty to J.T. Compher for Tripping.
16:52 of 1st period - Nazem Kadri wins face-off versus Ryan O'Reilly in Anaheim Ducks zone.
17:07 of 1st period - Nazem Kadri is hit by Ryan O'Reilly and loses puck.
18:27 of 1st period - John Tavares is hit by David Pastrnak and loses puck.
18:44 of 1st period - Wrist shot by Nick Schmaltz.
18:44 of 1st period - Deflect By Esa Lindell.
18:44 of 1st period - Shot Misses the Net.
18:44 of 1st period - Puck is out of play.
18:45 of 1st period - Ryan O'Reilly wins face-off versus Max Domi in Anaheim Ducks zone.
18:51 of 1st period - Penalty to J.T. Compher is over, J.T. Compher is back on ice.
19:25 of 1st period - Slapshot by Brayden Schenn.
19:25 of 1st period - Stopped by Joey Daccord with a rebound.
19:55 of 1st period - Evgeny Kuznetsov is hit by Alexey Toropchenko and loses puck.
Goals for this period are 1 for Anaheim Ducks vs 2 for Colorado Rockies.
Shots for this period are 5 for Anaheim Ducks vs 19 for Colorado Rockies.
2nd period
0:01 of 2nd period - David Pastrnak wins face-off versus Brayden Schenn in neutral zone.
0:11 of 2nd period - Minor Penalty to Mason Marchment for High sticking.
0:12 of 2nd period - Ryan O'Reilly wins face-off versus J.T. Compher in Anaheim Ducks zone.
0:12 of 2nd period - Wrist shot by Nikita Kucherov.
0:12 of 2nd period - Stopped by Linus Ullmark without a rebound.
0:13 of 2nd period - Ryan O'Reilly wins face-off versus J.T. Compher in Anaheim Ducks zone.
0:26 of 2nd period - Wrist shot by Jesper Bratt.
0:26 of 2nd period - Stopped by Linus Ullmark without a rebound.
0:27 of 2nd period - J.T. Compher wins face-off versus Ryan O'Reilly in Anaheim Ducks zone.
0:42 of 2nd period - Wrist shot by Nikita Kucherov.
0:42 of 2nd period - Shot Misses the Net.
0:44 of 2nd period - Slapshot by Martin Fehervary.
0:44 of 2nd period - Shot Blocked by Morgan Rielly.
1:30 of 2nd period - Victor Hedman is hit by Chandler Stephenson and loses puck.
2:11 of 2nd period - Penalty to Mason Marchment is over, Mason Marchment is back on ice.
3:24 of 2nd period - Vince Dunn is hit by Morgan Rielly and loses puck.
3:35 of 2nd period - Minor Penalty to Brayden Schenn for Interference.
3:36 of 2nd period - Ryan O'Reilly wins face-off versus J.T. Compher in Anaheim Ducks zone.
3:41 of 2nd period - Snap shot by Jesper Bratt.
3:41 of 2nd period - Shot Hit the Post.
4:13 of 2nd period - Wrist shot by Kyle Connor.
4:13 of 2nd period - Deflect By David Pastrnak.
4:13 of 2nd period - Shot Misses the Net.
4:13 of 2nd period - Puck is out of play.
4:14 of 2nd period - Ryan O'Reilly wins face-off versus J.T. Compher in Anaheim Ducks zone.
4:49 of 2nd period - Snap shot by Tim Stutzle.
4:49 of 2nd period - Goal by Tim Stutzle - Anaheim Ducks : 1 - Colorado Rockies : 3.
4:50 of 2nd period - Ryan O'Reilly wins face-off versus Nazem Kadri in neutral zone.
4:55 of 2nd period - Snap shot by Nikita Kucherov.
4:55 of 2nd period - Shot Misses the Net.
5:17 of 2nd period - Kyle Connor is hit by Ivan Provorov and loses puck.
5:26 of 2nd period - Snap shot by William Nylander.
5:26 of 2nd period - Shot Misses the Net.
5:28 of 2nd period - Snap shot by Alex Killorn.
5:28 of 2nd period - Stopped by Joey Daccord without a rebound.
5:29 of 2nd period - Ryan O'Reilly wins face-off versus Mark Scheifele in Colorado Rockies zone.
5:34 of 2nd period - Jesper Bratt is hit by Mason Marchment and loses puck.
5:40 of 2nd period - Martin Fehervary is hit by Brenden Dillon.
5:52 of 2nd period - Minor Penalty to Josh Manson for Slashing.
5:53 of 2nd period - Ryan O'Reilly wins face-off versus J.T. Compher in Anaheim Ducks zone.
6:16 of 2nd period - Minor Penalty to J.T. Compher for Slashing.
6:17 of 2nd period - Brayden Schenn wins face-off versus Tim Stutzle in Anaheim Ducks zone.
6:29 of 2nd period - Icing by David Pastrnak.
6:30 of 2nd period - Tim Stutzle wins face-off versus Chandler Stephenson in Colorado Rockies zone.
6:43 of 2nd period - Snap shot by David Pastrnak.
6:43 of 2nd period - Stopped by Linus Ullmark with a rebound.
6:47 of 2nd period - Snap shot by Kyle Connor.
6:47 of 2nd period - Stopped by Linus Ullmark with a rebound.
6:49 of 2nd period - Snap shot by Tim Stutzle.
6:49 of 2nd period - Shot Misses the Net.
6:51 of 2nd period - Wrist shot by Kyle Connor.
6:51 of 2nd period - Stopped by Linus Ullmark without a rebound.
6:52 of 2nd period - Brayden Schenn wins face-off versus Ryan O'Reilly in Anaheim Ducks zone.
7:39 of 2nd period - Off-side.
7:40 of 2nd period - Brayden Schenn wins face-off versus Ryan O'Reilly in neutral zone.
7:52 of 2nd period - Penalty to Josh Manson is over, Josh Manson is back on ice.
8:00 of 2nd period - Slapshot by Brenden Dillon.
8:00 of 2nd period - Stopped by Joey Daccord without a rebound.
8:01 of 2nd period - Tim Stutzle wins face-off versus Chandler Stephenson in Colorado Rockies zone.
8:07 of 2nd period - Minor Penalty to Victor Hedman for Holding.
8:08 of 2nd period - Nazem Kadri wins face-off versus Nikita Kucherov in Colorado Rockies zone.
8:08 of 2nd period - Wrist shot by William Nylander.
8:08 of 2nd period - Goal by William Nylander - Anaheim Ducks : 2 - Colorado Rockies : 3.
8:09 of 2nd period - Ryan O'Reilly wins face-off versus Nazem Kadri in neutral zone.
8:14 of 2nd period - Snap shot by Ryan O'Reilly.
8:14 of 2nd period - Shot Blocked by Ivan Provorov.
8:16 of 2nd period - Penalty to J.T. Compher is over, J.T. Compher is back on ice.
8:44 of 2nd period - Snap shot by William Nylander.
8:44 of 2nd period - Shot Misses the Net.
8:56 of 2nd period - Slapshot by William Nylander.
8:56 of 2nd period - Deflect By Nazem Kadri.
8:56 of 2nd period - Stopped by Joey Daccord without a rebound.
8:57 of 2nd period - John Tavares wins face-off versus Nikita Kucherov in Colorado Rockies zone.
9:02 of 2nd period - Snap shot by Alex Killorn.
9:02 of 2nd period - Stopped by Joey Daccord without a rebound.
9:03 of 2nd period - John Tavares wins face-off versus Nikita Kucherov in Colorado Rockies zone.
9:04 of 2nd period - Snap shot by Mason Marchment.
9:04 of 2nd period - Shot Blocked by Quinn Hughes.
9:06 of 2nd period - Slapshot by Alex Killorn.
9:06 of 2nd period - Shot Misses the Net.
9:08 of 2nd period - Snap shot by Alex Killorn.
9:08 of 2nd period - Stopped by Joey Daccord with a rebound.
9:10 of 2nd period - Slapshot by Joshua Morrissey.
9:10 of 2nd period - Shot Blocked by David Pastrnak.
9:28 of 2nd period - Alex Killorn is hit by Jesper Bratt and loses puck.
9:39 of 2nd period - Snap shot by Alex Killorn.
9:39 of 2nd period - Shot Blocked by Andrew Peeke.
9:41 of 2nd period - Slapshot by Esa Lindell.
9:41 of 2nd period - Shot Misses the Net.
9:43 of 2nd period - Slapshot by Ivan Provorov.
9:43 of 2nd period - Shot Blocked by Jesper Bratt.
9:45 of 2nd period - Slapshot by Ivan Provorov.
9:45 of 2nd period - Stopped by Joey Daccord with a rebound.
9:47 of 2nd period - Slapshot by Ivan Provorov.
9:47 of 2nd period - Stopped by Joey Daccord without a rebound.
9:48 of 2nd period - Nazem Kadri wins face-off versus Nikita Kucherov in Colorado Rockies zone.
9:55 of 2nd period - Snap shot by Nazem Kadri.
9:55 of 2nd period - Shot Misses the Net.
9:57 of 2nd period - Snap shot by William Nylander.
9:57 of 2nd period - Goal by William Nylander - Anaheim Ducks : 3 - Colorado Rockies : 3.
9:58 of 2nd period - Nazem Kadri wins face-off versus Tim Stutzle in neutral zone.
10:21 of 2nd period - Minor Penalty to Nazem Kadri for Cross-checking.
10:22 of 2nd period - J.T. Compher wins face-off versus Ryan O'Reilly in Anaheim Ducks zone.
11:33 of 2nd period - David Pastrnak is hit by J.T. Compher and loses puck.
11:38 of 2nd period - Wrist shot by Brayden Schenn.
11:38 of 2nd period - Shot Misses the Net.
11:40 of 2nd period - Wrist shot by Brayden Schenn.
11:40 of 2nd period - Shot Misses the Net.
11:50 of 2nd period - Morgan Rielly is hit by Nikita Kucherov and loses puck.
12:21 of 2nd period - Penalty to Nazem Kadri is over, Nazem Kadri is back on ice.
12:39 of 2nd period - Snap shot by Mason Marchment.
12:39 of 2nd period - Shot Blocked by Nick Schmaltz.
12:41 of 2nd period - Slapshot by Max Domi.
12:41 of 2nd period - Stopped by Joey Daccord with a rebound.
13:09 of 2nd period - Slapshot by Mark Scheifele.
13:09 of 2nd period - Shot Blocked by Quinn Hughes.
14:30 of 2nd period - Minor Penalty to Max Domi for Hooking.
14:31 of 2nd period - Ryan O'Reilly wins face-off versus J.T. Compher in Anaheim Ducks zone.
14:37 of 2nd period - Slapshot by Martin Fehervary.
14:37 of 2nd period - Stopped by Linus Ullmark with a rebound.
14:39 of 2nd period - Slapshot by Jesper Bratt.
14:39 of 2nd period - Shot Misses the Net.
14:41 of 2nd period - Slapshot by Martin Fehervary.
14:41 of 2nd period - Shot Blocked by Brayden Schenn.
14:43 of 2nd period - Snap shot by Jesper Bratt.
14:43 of 2nd period - Stopped by Linus Ullmark without a rebound.
14:44 of 2nd period - Tim Stutzle wins face-off versus J.T. Compher in Anaheim Ducks zone.
14:45 of 2nd period - Snap shot by David Pastrnak.
14:45 of 2nd period - Stopped by Linus Ullmark without a rebound.
14:46 of 2nd period - J.T. Compher wins face-off versus Tim Stutzle in Anaheim Ducks zone.
16:30 of 2nd period - Penalty to Max Domi is over, Max Domi is back on ice.
16:43 of 2nd period - Off-side.
16:44 of 2nd period - John Tavares wins face-off versus Nick Schmaltz in neutral zone.
16:47 of 2nd period - Slapshot by Joshua Morrissey.
16:47 of 2nd period - Shot Misses the Net.
17:31 of 2nd period - Wrist shot by Jesper Bratt.
17:31 of 2nd period - Shot Blocked by J.T. Compher.
18:05 of 2nd period - Snap shot by Mark Scheifele.
18:05 of 2nd period - Shot Misses the Net.
18:29 of 2nd period - Kevin Hayes is hit by Max Domi and loses puck.
19:36 of 2nd period - Slapshot by Mark Scheifele.
19:36 of 2nd period - Stopped by Joey Daccord with a rebound.
19:38 of 2nd period - Backhand shot by Morgan Rielly.
19:38 of 2nd period - Shot Misses the Net.
19:40 of 2nd period - Wrist shot by Brenden Dillon.
19:40 of 2nd period - Deflect By Mark Scheifele.
19:40 of 2nd period - Shot Misses the Net.
19:40 of 2nd period - Puck is out of play.
19:41 of 2nd period - Tim Stutzle wins face-off versus Nazem Kadri in Colorado Rockies zone.
19:52 of 2nd period - Slapshot by Vince Dunn.
19:52 of 2nd period - Stopped by Linus Ullmark without a rebound.
19:53 of 2nd period - Ryan O'Reilly wins face-off versus Nazem Kadri in Anaheim Ducks zone.
Goals for this period are 2 for Anaheim Ducks vs 1 for Colorado Rockies.
Shots for this period are 11 for Anaheim Ducks vs 10 for Colorado Rockies.
3rd period
0:01 of 3rd period - Nazem Kadri wins face-off versus Tim Stutzle in neutral zone.
0:06 of 3rd period - Snap shot by Nazem Kadri.
0:06 of 3rd period - Shot Blocked by Victor Hedman.
0:27 of 3rd period - David Pastrnak is hit by Mark Scheifele.
0:41 of 3rd period - Joshua Morrissey is hit by David Pastrnak and loses puck.
1:27 of 3rd period - Snap shot by Mason Marchment.
1:27 of 3rd period - Shot Misses the Net.
2:01 of 3rd period - Martin Fehervary is hit by Brayden Schenn and loses puck.
2:12 of 3rd period - Backhand shot by David Pastrnak.
2:12 of 3rd period - Shot Misses the Net.
3:22 of 3rd period - Minor Penalty to Mason Marchment for Tripping.
3:23 of 3rd period - Ryan O'Reilly wins face-off versus Chandler Stephenson in Anaheim Ducks zone.
5:03 of 3rd period - Kevin Hayes is hit by Josh Manson and loses puck.
5:22 of 3rd period - Penalty to Mason Marchment is over, Mason Marchment is back on ice.
5:53 of 3rd period - Alexey Toropchenko is hit by Nick Bonino and loses puck.
6:49 of 3rd period - Icing by Jesper Bratt.
6:50 of 3rd period - Nazem Kadri wins face-off versus Martin Fehervary in Colorado Rockies zone.
8:01 of 3rd period - Kevin Hayes is hit by J.T. Compher and loses puck.
9:42 of 3rd period - Nikita Kucherov is hit by Mason Marchment and loses puck.
10:52 of 3rd period - David Pastrnak is hit by Ivan Provorov and loses puck.
11:32 of 3rd period - Brayden Schenn is hit by Martin Fehervary and loses puck.
11:50 of 3rd period - J.T. Compher is hit by Kevin Hayes and loses puck.
12:12 of 3rd period - Quinn Hughes is hit by William Nylander and loses puck.
12:25 of 3rd period - Morgan Rielly is hit by Kevin Hayes and loses puck.
12:36 of 3rd period - Tim Stutzle is hit by Mark Scheifele and loses puck.
12:51 of 3rd period - Slapshot by Ivan Provorov.
12:51 of 3rd period - Stopped by Joey Daccord without a rebound.
12:52 of 3rd period - Nick Schmaltz wins face-off versus John Tavares in Colorado Rockies zone.
13:03 of 3rd period - Snap shot by Joshua Morrissey.
13:03 of 3rd period - Shot Misses the Net.
13:19 of 3rd period - Icing by Alex Killorn.
13:20 of 3rd period - Tim Stutzle wins face-off versus John Tavares in Anaheim Ducks zone.
13:34 of 3rd period - Snap shot by William Nylander.
13:34 of 3rd period - Goal by William Nylander - Anaheim Ducks : 4 - Colorado Rockies : 3.
13:35 of 3rd period - Ryan O'Reilly wins face-off versus Nazem Kadri in neutral zone.
13:40 of 3rd period - Brenden Dillon is hit by Nikita Kucherov and loses puck.
13:49 of 3rd period - Wrist shot by Chandler Stephenson.
13:49 of 3rd period - Stopped by Joey Daccord without a rebound.
13:50 of 3rd period - John Tavares wins face-off versus Tim Stutzle in Colorado Rockies zone.
14:47 of 3rd period - Michael Bunting is hit by Mark Scheifele and loses puck.
15:06 of 3rd period - Snap shot by William Nylander.
15:06 of 3rd period - Shot Blocked by Kyle Palmieri.
15:08 of 3rd period - Wrist shot by John Tavares.
15:08 of 3rd period - Shot Misses the Net.
15:10 of 3rd period - Snap shot by John Tavares.
15:10 of 3rd period - Deflect By William Nylander.
15:10 of 3rd period - Stopped by Joey Daccord without a rebound.
15:11 of 3rd period - Nazem Kadri wins face-off versus Kevin Hayes in Colorado Rockies zone.
15:12 of 3rd period - Slapshot by Chandler Stephenson.
15:12 of 3rd period - Stopped by Joey Daccord without a rebound.
15:13 of 3rd period - Kevin Hayes wins face-off versus Nazem Kadri in Colorado Rockies zone.
15:22 of 3rd period - Wrist shot by Nazem Kadri.
15:22 of 3rd period - Stopped by Joey Daccord with a rebound.
15:38 of 3rd period - Off-side.
15:39 of 3rd period - Alex Killorn wins face-off versus Ryan O'Reilly in neutral zone.
15:52 of 3rd period - Minor Penalty to William Nylander for Slashing.
15:53 of 3rd period - Tim Stutzle wins face-off versus J.T. Compher in Anaheim Ducks zone.
16:00 of 3rd period - Wrist shot by Kyle Connor.
16:00 of 3rd period - Deflect By Tim Stutzle.
16:00 of 3rd period - Shot Hit the Post.
16:00 of 3rd period - Puck is out of play.
16:01 of 3rd period - Tim Stutzle wins face-off versus J.T. Compher in Anaheim Ducks zone.
16:12 of 3rd period - Snap shot by Kyle Connor.
16:12 of 3rd period - Stopped by Linus Ullmark without a rebound.
16:13 of 3rd period - Tim Stutzle wins face-off versus J.T. Compher in Anaheim Ducks zone.
16:16 of 3rd period - Snap shot by Kyle Connor.
16:16 of 3rd period - Stopped by Linus Ullmark with a rebound.
16:53 of 3rd period - Off-side.
16:54 of 3rd period - J.T. Compher wins face-off versus Tim Stutzle in neutral zone.
16:57 of 3rd period - Quinn Hughes is hit by J.T. Compher and loses puck.
17:04 of 3rd period - Wrist shot by Tim Stutzle.
17:04 of 3rd period - Stopped by Linus Ullmark without a rebound.
17:05 of 3rd period - J.T. Compher wins face-off versus Tim Stutzle in Anaheim Ducks zone.
17:34 of 3rd period - Snap shot by David Pastrnak.
17:34 of 3rd period - Stopped by Linus Ullmark with a rebound.
17:36 of 3rd period - Slapshot by Nikita Zadorov.
17:36 of 3rd period - Shot Blocked by Esa Lindell.
17:40 of 3rd period - Snap shot by David Pastrnak.
17:40 of 3rd period - Stopped by Linus Ullmark with a rebound.
17:42 of 3rd period - Slapshot by Tim Stutzle.
17:42 of 3rd period - Stopped by Linus Ullmark with a rebound.
17:44 of 3rd period - Slapshot by Martin Fehervary.
17:44 of 3rd period - Stopped by Linus Ullmark without a rebound.
17:45 of 3rd period - Ryan O'Reilly wins face-off versus J.T. Compher in Anaheim Ducks zone.
17:48 of 3rd period - Snap shot by Jesper Bratt.
17:48 of 3rd period - Shot Misses the Net.
17:52 of 3rd period - Penalty to William Nylander is over, William Nylander is back on ice.
17:58 of 3rd period - Snap shot by Brayden Schenn.
17:58 of 3rd period - Shot Misses the Net.
18:30 of 3rd period - Colorado Rockies, Joey Daccord is pulled from the net.
18:32 of 3rd period - Snap shot by Nick Bonino.
18:32 of 3rd period - Deflect By Brayden Schenn.
18:32 of 3rd period - Stopped by Linus Ullmark with a rebound.
18:34 of 3rd period - Snap shot by Kevin Hayes.
18:34 of 3rd period - Shot Misses the Net.
18:36 of 3rd period - Slapshot by Kevin Hayes.
18:36 of 3rd period - Stopped by Linus Ullmark with a rebound.
18:40 of 3rd period - Wrist shot by Evgeny Kuznetsov.
18:40 of 3rd period - Shot Blocked by Esa Lindell.
18:50 of 3rd period - Martin Fehervary is hit by Joshua Morrissey and loses puck.
19:19 of 3rd period - Joshua Morrissey is hit by Ryan O'Reilly and loses puck.
19:30 of 3rd period - Snap shot by Alex Killorn.
19:30 of 3rd period - Shot Blocked by Ryan O'Reilly.
19:32 of 3rd period - Snap shot by Alex Killorn.
19:32 of 3rd period - Goal by Alex Killorn - Anaheim Ducks : 5 - Colorado Rockies : 3.
19:32 of 3rd period - Joey Daccord from Colorado Rockies was sent back in the game.
19:33 of 3rd period - John Tavares wins face-off versus Nick Schmaltz in neutral zone.
19:33 of 3rd period - Brenden Dillon beats up Martin Fehervary.
19:33 of 3rd period - Penalty to Martin Fehervary for Fighting.
19:33 of 3rd period - Penalty to Brenden Dillon for Fighting.
19:34 of 3rd period - Nazem Kadri wins face-off versus Nick Schmaltz in neutral zone.
19:37 of 3rd period - Slapshot by Josh Manson.
19:37 of 3rd period - Stopped by Joey Daccord without a rebound.
19:38 of 3rd period - Nazem Kadri wins face-off versus Nick Schmaltz in Colorado Rockies zone.
19:39 of 3rd period - Wrist shot by J.T. Compher.
19:39 of 3rd period - Stopped by Joey Daccord with a rebound.
19:58 of 3rd period - Icing by Vince Dunn.
19:59 of 3rd period - Nick Schmaltz wins face-off versus Mark Scheifele in Colorado Rockies zone.
Goals for this period are 2 for Anaheim Ducks vs 0 for Colorado Rockies.
Shots for this period are 9 for Anaheim Ducks vs 9 for Colorado Rockies.
Back to the Top